 Dungeon Crawl Stone Soup version 0.27-a0-1071-ga85bd9520d (console) character file.

Game seed: 12848407158119927726

9 nht the Digger (level 2, 19/19 HPs)
             Began as a Demonspawn Earth Elementalist on Apr 24, 2021.
             Quit the game on level 1 of the Dungeon.
             The game lasted 00:00:35 (374 turns).

nht the Digger (Demonspawn Earth Elementalist)       Turns: 374, Time: 00:00:36

Health: 19/19      AC:  2    Str:  8    XL:     2   Next: 3%
Magic:  0/5        EV: 12    Int: 16    God:
Gold:   0          SH:  0    Dex: 13    Spells: 4/5 levels left

rFire    . . .     SeeInvis .   (no weapon)
rCold    . . .     Faith    .   (no shield)
rNeg     . . .     Spirit   .   c - +0 robe
rPois    .         Reflect  .   (no helmet)
rElec    .         Harm     .   (no cloak)
rCorr    .         Rampage  .   (no gloves)
Will     .....                  (no boots)
Stlth    ++........             (no amulet)
HPRegen  0.06/turn              (no ring)
MPRegen  0.18/turn              (no ring)

@: no status effects
A: magic regeneration
a: no special abilities


You were on level 1 of the Dungeon.
You visited 1 branch of the dungeon, and saw 1 of its levels.

Inventory:

Missiles
 b - 21 stones
Armour
 c - a +0 robe (worn)
Potions
 a - a potion of haste {unknown}


   Skills:
 - Level 1.7 Dodging
 - Level 1.7 Stealth
 - Level 2.0 Spellcasting
 - Level 0.8 Transmutations
 + Level 3.2 Earth Magic


You had 4 spell levels left.
You knew the following spells:

 Your Spells              Type           Power      Damage    Failure   Level
a - Sandblast             Erth           24%        2d8       5%          1

Your spell library contained the following spells:

 Spells                   Type           Power      Damage    Failure   Level
 Passwall                 Tmut/Erth      6%         N/A       14%         2
 Stone Arrow              Conj/Erth      12%        3d7       32%         3
 Petrify                  Tmut/Erth      8%         N/A       65%         4
 Lee's Rapid Deconstruct  Erth           6%         3d7*      83%         5


Dungeon Overview and Level Annotations

Branches:
Dungeon (1/15)

Altars:


Innate Abilities, Weirdness & Mutations

You regenerate magic rapidly.


Message History

As you read the scroll labelled IDIWIUSUAMP, it crumbles to dust.
It is a scroll of identify.
You don't have any unidentified items.
The quokka bites you.
* * * LOW HITPOINT WARNING * * *
Found a fuming dark potion.
The quokka closely misses you.
Your magical contamination has completely faded away.
The quokka closely misses you.
You are too injured to fight recklessly!
Casting: Sandblast (safe; 6% risk of failure)
Confirm with . or Enter, or press ? or * to list all spells.
Aiming: Sandblast (safe; 6% risk of failure)
Press: ? - help, Shift-Dir - straight line, f/p - quokka
Aim: a quokka (71% to hit)
The blast of sand hits the quokka.
You kill the quokka!
Your Earth Magic skill increases to level 3!
Unknown command.
Magic restored.
HP restored.
a - a fuming dark potion
Found 23 arrows.
A hobgoblin comes into view.
The hobgoblin shouts!
No target in view!
The blast of sand hits the hobgoblin!
You kill the hobgoblin!
An endoplasm comes into view.
A kobold comes into view. It is wielding a +0 short sword.
The blast of sand hits the endoplasm!
You kill the endoplasm!
The kobold shouts!
The blast of sand hits the kobold.
You kill the kobold!
You have reached level 2!
Your demonic ancestry asserts itself...
Your magic begins to regenerate rapidly.
You see here a +0 short sword.
Are you sure you want to abandon this character and quit the game? (Confirm with "yes".) ███ █████████

..█ █.......█ █.█
█.█████.█
██.████.█████.████
.....█.█(........
█.██.█.█...█.████
█.███†██.........█
█...@....█.█...█.█
█........██.█.......█
████....███.████.████
█.██.█ █.█ █.█ ███ █.
... ..█


██+██ █.. . ...█ █████...██ █.█ █ ..... ██.....███.█ █.......██.......██.█
.................. There were no monsters in sight!

Vanquished Creatures
  An endoplasm (D:1)
  A giant cockroach (D:1)
  A goblin (D:1)
  A hobgoblin (D:1)
  A kobold (D:1)
  A quokka (D:1)
  A rat (D:1)
7 creatures vanquished.

Notes
Turn   | Place    | Note
-------+----------+-------------------------------------------
     0 | D:1      | nht the Demonspawn Earth Elementalist began the quest for
                  | the Orb.
     0 | D:1      | Reached XP level 1. HP: 13/13 MP: 3/3
    69 | D:1      | Reached skill level 3 in Earth Magic
   372 | D:1      | Gained mutation: You regenerate magic rapidly. [demonic
                  | ancestry]
   372 | D:1      | Reached XP level 2. HP: 19/19 MP: 0/5
   374 | D:1      | Quit the game

Illustrated notes

Levels and vault maps discovered:
D:1:      dpeg_arrival_refuge, layout_loops_corners, hangedman_feature_mirror,
          kennysheep_boxes

Skill      XL: |  1 |
---------------+----+-----
Earth Magic    | 3 |  3.2
Dodging        | |  1.7
Stealth        | |  1.7
Spellcasting   | |  2.0
Transmutations | |  0.8

Action                   || total
-------------------------++-------
 Cast: Sandblast         ||     9
  Use: Scroll            ||     1
Armor: Robe              ||     1
Dodge: Dodged            ||     8

Table legend: (Time is in decaauts)
 A = Elapsed time spent in this place.
 B = Non-inter-level travel time spent in this place.
 C = Inter-level travel time spent in this place.
 D = Time resting spent in this place.
 E = Time spent auto-exploring this place.
 F = Levels seen in this place.
 G = Mean time per level.
                   A        B        C        D        E       F      G
               +--------+--------+--------+--------+--------+-----+--------+
         Total |    374 |    374 |      0 |      0 |    307 |   1 |  374.0 |
       Dungeon |    374 |    374 |      0 |      0 |    307 |   1 |  374.0 |
               +--------+--------+--------+--------+--------+-----+--------+

Top non-repeatable levels by time:
     D:1: 374 daAuts
